 Dungeon Crawl Stone Soup version 0.24.0-13-gcf9b319 (webtiles) character file.

Game seed: 7488852362062280021, levelgen mode: deterministic

475 Fang the Skirmisher (level 7, -2/44 HPs)
             Began as a Gargoyle Berserker on Nov 22, 2019.
             Was a Priest of Trog.
             Slain by an orc wizard
             ... wielding a +0 dagger
              (3 damage)
             ... on level 4 of the Dungeon.
             The game lasted 00:04:22 (2952 turns).

Fang the Skirmisher (Gargoyle Berserker)            Turns: 2952, Time: 00:04:23

Health: -2/44      AC:  9    Str: 22    XL:     7   Next: 10%
Magic:  7/7        EV: 13    Int:  8    God:    Trog [***...]
Gold:   144        SH:  0    Dex:  9    Spells: 6/6 levels left

rFire    . . .     SeeInvis .   a - +0 hand axe
rCold    . . .     Gourm    +   (no shield)
rNeg     + . .     Faith    .   b - +0 animal skin
rPois    ∞         Spirit   .   (no helmet)
rElec    +         Reflect  .   (no cloak)
rCorr    .         Harm     .   o - +1 pair of gloves
MR       .....                  (no boots)
Stlth    +.........             d - amulet of the gourmand
HPRegen  0.14/turn              (no ring)
MPRegen  0.10/turn              (no ring)

@: berserk cooldown, slowed, very slow
A: negative energy resistance 1, electricity resistance, unbreathing,
petrification resistance, rot immunity, AC +4
a: Berserk, Trog's Hand, Renounce Religion


You were on level 4 of the Dungeon.
You worshipped Trog.
Trog was most pleased with you.
You were very full.

You visited 1 branch of the dungeon, and saw 4 of its levels.

You collected 144 gold pieces.

Inventory:

Hand Weapons
 a - a +0 hand axe (weapon)
Armour
 b - a +0 animal skin (worn)
 o - a +1 pair of gloves (worn)
Jewellery
 d - an amulet of the gourmand (around neck)
Scrolls
 f - a scroll of magic mapping {unknown}
 g - 4 scrolls of identify {unknown}
 h - a scroll of fog {unknown}
 i - 2 scrolls of remove curse {unknown}
 l - 3 scrolls of enchant armour {unknown}
Potions
 e - 2 potions of degeneration {unknown}
 j - 3 potions of lignification {unknown}
 k - a potion of curing {unknown}
 m - 2 potions of invisibility {unknown}
 n - a potion of heal wounds {unknown}
 p - a potion of mutation {unknown}
Comestibles
 c - 6 rations


   Skills:
 + Level 5.1 Fighting
 + Level 4.2 Axes
 + Level 4.5 Armour
 + Level 3.2 Dodging


You had 6 spell levels left.
You didn't know any spells.
Your spell library was empty.

Dungeon Overview and Level Annotations

Branches:
Dungeon (4/15)
 Temple: D:4-7

Altars:
Ashenzari
Elyvilon
Gozag
Hepliaklqana
Yredelemnul
The Shining One

Annotations:
D:4 2 transporters


Innate Abilities, Weirdness & Mutations

You are resistant to torment.
Your stone body is resilient. (AC +4)
You are immune to poison.
You resist negative energy. (rN+)
You are resistant to electric shocks. (rElec)
You can survive without breathing.
You are immune to petrification.
You are immune to rotting.


Message History

You are exhausted.
You feel yourself slow down. Something hits you but does no damage.
You barely miss something. Something barely misses you.
Something hits you but does no damage. x2
You barely miss something. Something hits you but does no damage.
You hear some strange, mumbled words.
A puff of flame appears from out of thin air!
The puff of flame hits you!
* * * LOW HITPOINT WARNING * * *
You miss something. Something hits you but does no damage. Something hits you.
* * * LOW HITPOINT WARNING * * *
Something hits you.
* * * LOW HITPOINT WARNING * * *
You completely miss something. Something hits you.
* * * LOW HITPOINT WARNING * * *
Something hits you but does no damage.
You miss something.
Something hits you but does no damage. x2
You barely miss something.
Something hits you but does no damage. x2
Something hits you.
You die...

.# ## ≈≈.# [. ?
/ .. ≈≈.# . ##.#
###©## . ≈≈.#
#.### ©.###.#.
#≈≈.# ##....
......#####≈≈.#
≈≈≈≈≈≈
..≈≈≈≈≈≈≈≈≈≈≈.##
≈≈≈≈≈≈
..≈≈≈≈≈≈≈≈≈≈≈..#
......
.........@{o...#
###.#
#####..######.#
....# #.## #####
#.# # #.#
#######
###.######..#
.......
#..........#
######.#
#.###.###### #
#.# #.# #.#


You could see an orc.

Vanquished Creatures
  A big kobold (D:4)
  2 scorpions (D:4)
  An orc priest (D:4)
  An orc wizard (D:4)
  A centaur skeleton (D:4)
  3 worker ants
  4 adders
  A worm (D:2)
  3 dart slugs
  A leopard gecko (D:2)
  12 orcs
  8 bats
  5 giant cockroaches
  6 hobgoblins
  10 kobolds
  4 quokkas
  2 ball pythons
  7 frilled lizards
  7 goblins
  A quokka skeleton (D:3)
  13 rats
93 creatures vanquished.

Notes
Turn   | Place    | Note
-------+----------+-------------------------------------------
     0 | D:1      | Fang the Gargoyle Berserker began the quest for the Orb.
     0 | D:1      | Reached XP level 1. HP: 14/14 MP: 1/1
   180 | D:1      | Reached XP level 2. HP: 15/19 MP: 2/2
   781 | D:1      | Reached XP level 3. HP: 20/23 MP: 3/3
   974 | D:2      | Reached ** piety under Trog
  1037 | D:2      | Found a white marble altar of Elyvilon.
  1140 | D:2      | Reached XP level 4. HP: 23/29 MP: 4/4
  1231 | D:2      | Found a glowing golden altar of the Shining One.
  1413 | D:2      | Found a basalt altar of Yredelemnul.
  1594 | D:2      | Reached skill level 4 in Fighting
  1662 | D:3      | Found an opulent altar of Gozag.
  1735 | D:3      | Found a shattered altar of Ashenzari.
  1816 | D:3      | Reached XP level 5. HP: 5/33 MP: 5/5
  2202 | D:3      | Reached *** piety under Trog
  2449 | D:3      | Found a hazy altar of Hepliaklqana.
  2569 | D:4      | Reached XP level 6. HP: 25/39 MP: 6/6
  2910 | D:4      | Reached skill level 5 in Fighting
  2924 | D:4      | Found a transporter.
  2925 | D:4      | Found a transporter.
  2937 | D:4      | Reached XP level 7. HP: 24/44 MP: 7/7
  2949 | D:4      | HP: 2/44 [something (1)]
  2952 | D:4      | Slain by an orc wizard

Levels and vault maps discovered:
D:1:      lemuel_arrival_tunnels, layout_basic, minmay_misc_feat_hallway,
          moated_statue
D:2:      layout_basic, kennysheep_ying_yang, marbit_many_paths
D:3:      layout_rooms, lemuel_coloured_pillars_altar, lemuel_doored_altar,
          minmay_misc_feat_pillars, lemuel_tele_altar
D:4:      layout_loops_ring, first_ration, gammafunk_ghost_gnarly_gnolls,
          minmay_misc_feat_roman, led_xom_imps

Skill      XL: |  1  2  3  4  5  6 |
---------------+-------------------+-----
Axes           | 3 4 |  4.2
Dodging        | 2 3 |  3.2
Armour         | 3 4 |  4.5
Fighting       | 4 5 |  5.1

Action                   |  1- 3 |  4- 6 |  7- 9 || total
-------------------------+-------+-------+-------++-------
Melee: Hand axe          |   122 |   224 |    14 ||   360
Invok: Berserk           |     1 |     2 |       ||     3
       Trog's Hand       |     1 |       |       ||     1
 Stab: Distracted        |     1 |       |       ||     1
  Eat: Chunk             |    13 |     7 |       ||    20
Armor: Animal skin       |    51 |    80 |    12 ||   143
Dodge: Dodged            |    82 |   133 |     1 ||   216
